 Dungeon Crawl Stone Soup version 0.31.0-9-g3a7656b989 (webtiles) character file.

Game seed: 5941313864571898380

57 qw the Shooter (level 3, -4/20 HPs)
             Began as a Deep Elf Hunter on Feb 3, 2024.
             Slain by a scorpion (6 damage)
             ... on level 3 of the Dungeon.
             The game lasted 00:00:27 (1727 turns).

qw the Shooter (Deep Elf Hunter)                    Turns: 1727, Time: 00:00:28

Health: -4/20      AC:  3    Str: 10    XL:     3   Next: 73%
Magic:  5/5        EV: 12    Int: 13    God:
Gold:   86         SH:  0    Dex: 18    Spells: 2/2 levels left

rFire   . . .        a - +0 shortbow
rCold   . . .        (shield currently unavailable)
rNeg    . . .        c - +0 leather armour
rPois   .            (no helmet)
rElec   .            g - scarf {repulsion}
rCorr   +            (no gloves)
SInv    .            (no boots)
Will    .....        (no amulet)
Stlth   ++           h - ring of resist corrosion
HPRegen 0.23/turn    (no ring)
MPRegen 0.09/turn

%: repel missiles
@: lethally poisoned (-4 -> -11)
A: no striking features
a: no special abilities


You were on level 3 of the Dungeon.
You visited 1 branch of the dungeon, and saw 3 of its levels.

You collected 86 gold pieces.


   Skills:
 - Level 1.5 Fighting
 + Level 7.2 Ranged Weapons
 - Level 2.4 Dodging
 - Level 1.2 Stealth


You had 2 spell levels left.
You didn't know any spells.
Your spell library was empty.

Inventory:

Hand Weapons
 a - a +0 shortbow (weapon)
Armour
 b - a +0 ring mail
 c - a +0 leather armour (worn)
 g - a scarf of repulsion (worn)
Jewellery
 h - a ring of resist corrosion (left hand)
Scrolls
 e - 3 scrolls of teleportation
 f - a scroll of enchant armour {unknown}
 j - a scroll of enchant weapon {unknown}
Potions
 d - a potion of enlightenment
 i - a potion of degeneration {unknown}

Dungeon Overview and Level Annotations

Branches:
Dungeon (3/15)

Altars:


Message History

You see here a book of Party Tricks.
Found a stone staircase leading down.
Found a ring mail.
A scorpion comes into view.
You shoot an arrow. The arrow hits the scorpion.
The scorpion is moderately wounded.
You shoot an arrow. The arrow barely misses the scorpion.
The scorpion barely misses you.
You shoot an arrow. The arrow closely misses the scorpion.
The scorpion closely misses you.
You shoot an arrow. The arrow hits the scorpion.
The scorpion is moderately wounded.
The scorpion closely misses you.
You shoot an arrow. The arrow closely misses the scorpion.
The scorpion misses you. x2
You shoot an arrow. The arrow barely misses the scorpion.
The scorpion stings you but does no damage.
You shoot an arrow.
The arrow completely misses the scorpion.
The scorpion completely misses you.
You shoot an arrow. The arrow hits the scorpion.
The scorpion is heavily wounded.
The scorpion stings you. x2
You shoot an arrow.
The arrow hits the scorpion but does no damage.
The scorpion is heavily wounded.
The scorpion barely misses you.
You shoot an arrow. The arrow hits the scorpion.
The scorpion is severely wounded.
The scorpion stings you.
You are lethally poisoned!
The scorpion poisons you!
You shoot an arrow. The arrow hits the scorpion.
The scorpion is almost dead.
You feel very sick.
The scorpion stings you but does no damage.
You shoot an arrow. The arrow closely misses the scorpion.
You feel very sick. The scorpion stings you. x2
You die...

..... #. ##.....##
####. #.......#.#
..... . # #.......#.#
.###. #.
#.#.#...#.#.# #.
#.#.#.#.#.#.#.# # ##
#.....#...#.#.# .#
#..s#.....#.##.######
#...@...###.#..#.....
#.###....>....##.####
#[#.#.#.####.#
#...#.#.# #.#
###.#.#.# #.# ..#.#.#
#.# #.#.#.# #.#
#.#.#.####.####
#.#.#.........#


You could see a scorpion.

Vanquished Creatures
  An adder (D:2)
  2 dart slugs
  A ribbon worm (D:2)
  An orc (D:3)
  5 ball pythons (D:1)
  2 endoplasms
  A giant cockroach (D:2)
  5 goblins
  5 hobgoblins
  A quokka (D:2)
  2 bats
  7 frilled lizards
  5 kobolds
  2 rats
40 creatures vanquished.

Notes
Turn   | Place    | Note
-------+----------+-------------------------------------------
     0 | D:1      | qw the Deep Elf Hunter began the quest for the Orb.
     0 | D:1      | Reached XP level 1. HP: 12/12 MP: 3/3
     0 | D:1      | 0 ||| qw: Version: 0.3-a-155-g5e7d8dd
     0 | D:1      | 0 ||| qw: Game counter: 2933
     0 | D:1      | 0 ||| qw: Melee chars always use a shield: true
     0 | D:1      | 0 ||| qw: God list: Okawaru
     0 | D:1      | 0 ||| qw: Allow faded altars: false
     0 | D:1      | 0 ||| qw: Do Orc after clearing Dungeon:15 true
     0 | D:1      | 0 ||| qw: Do second Lair branch before Depths: true
     0 | D:1      | 0 ||| qw: Lair rune preference: random
     0 | D:1      | 0 ||| qw: Goals: Normal
     0 | D:1      | 0 ||| PLANNING D:1-11
   229 | D:1      | Reached XP level 2. HP: 16/16 MP: 4/4
   232 | D:1      | Reached skill level 6 in Ranged Weapons
   682 | D:1      | 682 ||| UPGRADING to scarf of repulsion.
   687 | D:1      | 687 ||| READING scroll labelled XYXAUBRIGRYC.
   688 | D:1      | 688 ||| READING scroll labelled IQOTRA YTYLI.
   689 | D:1      | 689 ||| READING scroll labelled REWOJUWILATH.
   689 | D:1      | 689 ||| IDENTIFYING brown potion
   690 | D:1      | 690 ||| DRINKING 2 amethyst potions.
   691 | D:1      | 691 ||| DROPPING scroll of butterflies.
   692 | D:1      | 692 ||| DROPPING potion of brilliance.
   994 | D:2      | Reached XP level 3. HP: 20/20 MP: 5/5
  1233 | D:2      | Reached skill level 7 in Ranged Weapons
  1266 | D:2      | 1266 ||| UPGRADING to ring of resist corrosion.
  1267 | D:2      | 1267 ||| READING scroll labelled DEGOET KETHRAQA.
  1271 | D:2      | 1271 ||| READING scroll labelled DEOCOC KIXT.
  1272 | D:2      | 1272 ||| READING scroll labelled BAMEEP MIUWU.
  1274 | D:2      | 1274 ||| Stepping ~*~*~tactically~*~*~ (cloud).
  1278 | D:2      | HP: 5/20 [poisoned by you (poison gas)]
  1282 | D:2      | HP: 2/20 [poisoned by you (poison gas)]
  1715 | D:3      | Noticed a scorpion
  1727 | D:3      | HP: 3/20 [poisoned by a scorpion]
  1727 | D:3      | Slain by a scorpion

Levels and vault maps discovered:
D:1:      lemuel_arrival_hallway, layout_basic
D:2:      layout_loops_ring, ebering_dispersal_statue_hall
D:3:      layout_basic, wad_rectangle_vault

Skill      XL: |  1  2  3 |
---------------+----------+-----
Ranged Weapons | 6 7 |  7.2
Fighting       | |  1.5
Dodging        | |  2.4
Stealth        | |  1.2

Action                     || total
---------------------------++-------
   Fire: Shortbow          ||   111
    Use: Scroll            ||     6
         Potion            ||     1
 Armour: Leather armour    ||    21
  Dodge: Dodged            ||    19
         Repelled          ||     1

Table legend:
 A = Non-vault XP
 B = Vault XP
 C = Vault XP percentage of total XP
 D = Non-vault monster count
 E = Vault monster count
 F = Vault count percentage of total count
                 A         B        C        D         E       F
            +---------+---------+-------+---------+---------+-------
      Total |      71 |      11 |  13.4 |      34 |       6 |  15.0
            +---------+---------+-------+---------+---------+-------
        D:1 |      31 |       0 |   0.0 |      20 |       0 |   0.0
        D:2 |      36 |       0 |   0.0 |      12 |       0 |   0.0
        D:3 |       4 |      11 |  73.3 |       2 |       6 |  75.0
            +---------+---------+-------+---------+---------+-------
